 Dungeon Crawl Stone Soup version 0.25.1-8-g42b30a86e7 (webtiles) character file.

Game seed: 3462294626532436812

56 Destapler the Magician (level 3, 0/28 HPs)
             Began as a Draconian Wizard on Dec 20, 2020.
             Was an Initiate of Makhleb.
             Succumbed to an adder's poison
             ... on level 2 of the Dungeon.
             The game lasted 00:05:28 (1870 turns).

Destapler the Magician (Draconian Wizard)           Turns: 1870, Time: 00:05:29

Health: 0/28       AC:  5    Str:  9    XL:     3   Next: 69%
Magic:  1/7        EV: 12    Int: 19    God:    Makhleb [......]
Gold:   48         SH:  0    Dex:  9    Spells: 7/8 levels left

rFire    . . .     SeeInvis .   d - +0 dagger
rCold    . . .     Gourm    .   (no shield)
rNeg     . . .     Faith    .   (armour unavailable)
rPois    .         Spirit   .   a - +0 hat
rElec    .         Reflect  .   (no cloak)
rCorr    .         Harm     .   (no gloves)
MR       .....                  (no boots)
Stlth    ++........             (no amulet)
HPRegen  0.09/turn              (no ring)
MPRegen  0.10/turn              (no ring)

@: lethally poisoned (0 -> -13), very slightly contaminated
A: unfitting armour, cold-blooded, AC +5
a: Renounce Religion


You were on level 2 of the Dungeon.
You worshipped Makhleb.
Makhleb was noncommittal.
You were very hungry.

You visited 1 branch of the dungeon, and saw 2 of its levels.

You collected 48 gold pieces.

Inventory:

Hand Weapons
 d - a +0 dagger (weapon)
Missiles
 b - 6 poisoned darts (quivered)
Armour
 a - a +0 hat (worn)
Scrolls
 e - a scroll of identify {unknown}
 g - a scroll of teleportation
 i - a scroll of fog {unknown}
Potions
 f - a potion of might {unknown}
Comestibles
 c - 3 rations


   Skills:
 + Level 1.3 Fighting
 + Level 1.1 Throwing
 + Level 2.2 Dodging
 + Level 2.3 Stealth
 - Level 3.0 Spellcasting
 + Level 1.8 Conjurations
   Level 1.0 Summonings
   Level 1.0 Translocations


You had 7 spell levels left.
You knew the following spells:

 Your Spells              Type           Power        Failure   Level  Hunger
a - Magic Dart            Conj           #...         8%          1    None

Your spell library contained the following spells:

 Spells                   Type           Power        Failure   Level  Hunger
 Blink                    Tloc           N/A          16%         2    ##.....
 Call Imp                 Summ           #.......     16%         2    ##.....
 Slow                     Hex            #.......     22%         2    ##.....
 Conjure Flame            Conj/Fire      #.......     32%         3    ###....
 Mephitic Cloud           Conj/Pois/Air  #.......     34%         3    ###....


Dungeon Overview and Level Annotations

Branches:
Dungeon (2/15)

Altars:
Ashenzari
Gozag
Hepliaklqana
Makhleb
Yredelemnul


Innate Abilities, Weirdness & Mutations

Your plain brown scales are hard. (AC +5)
You cannot fit into any form of body armour.
You are cold-blooded and may be slowed by cold attacks.


Message History

You feel sick. The adder closely misses you.
Casting: Magic Dart (safe; 8% risk of failure)
Confirm with . or Enter, or press ? or * to list all spells.
Aiming: Magic Dart (safe; 8% risk of failure)
Press: ? - help, Shift-Dir - straight line, f/p - phantom
Aim: a phantom The magic dart hits the adder.
The adder is severely wounded.
* * * LOW HITPOINT WARNING * * *
You feel sick. The adder bites you.
* * * LOW HITPOINT WARNING * * *
The adder bites you but does no damage.
Casting: Magic Dart (safe; 8% risk of failure)
Confirm with . or Enter, or press ? or * to list all spells.
Aiming: Magic Dart (safe; 8% risk of failure)
Press: ? - help, Shift-Dir - straight line, f/p - phantom
Aim: a phantom The magic dart hits the adder.
The adder is almost dead.
You die...

### #########.#
#<..(.....#
#########.### #..<#
###.# #@# #S# #.# #.#
###############W###
##.................###
.'................>...
##...............#.###.#
......(...#..........#


You could see a phantom and an adder.

Vanquished Creatures
  Jessica (D:2)
  An adder (D:2)
  A dart slug (D:1)
  3 goblins (D:1)
  3 hobgoblins
  3 jackals (D:1)
  2 bats (D:2)
  A frilled lizard (D:1)
  3 kobolds
  A rat (D:2)
19 creatures vanquished.

Notes
Turn   | Place    | Note
-------+----------+-------------------------------------------
     0 | D:1      | Destapler the Draconian Wizard began the quest for the Orb.
     0 | D:1      | Reached XP level 1. HP: 14/14 MP: 4/4
   626 | D:1      | Reached XP level 2. HP: 22/22 MP: 0/6
  1160 | D:2      | Noticed Jessica
  1168 | D:2      | Killed Jessica
  1168 | D:2      | Reached skill level 1 in Fighting
  1168 | D:2      | Reached skill level 1 in Throwing
  1168 | D:2      | Reached XP level 3. HP: 28/28 MP: 7/7
  1472 | D:2      | Found an opulent altar of Gozag.
  1472 | D:2      | Found a shattered altar of Ashenzari.
  1474 | D:2      | Found a burning altar of Makhleb.
  1476 | D:2      | Found a basalt altar of Yredelemnul.
  1477 | D:2      | Found a hazy altar of Hepliaklqana.
  1479 | D:2      | Noticed a phantom
  1482 | D:2      | Became a worshipper of Makhleb the Destroyer
  1869 | D:2      | HP: 1/28 [adder (5)]
  1870 | D:2      | Succumbed to an adder's poison

Illustrated notes

Levels and vault maps discovered:
D:1:      minmay_arrival_split_and_join, layout_loops_ring, grunt_decor_cap
D:2:      layout_basic, grunt_temple_overflow_open, uniq_jessica

Skill      XL: |  1  2 |
---------------+-------+-----
Dodging        | 2 |  2.2
Stealth        | 2 |  2.3
Fighting       | 1 |  1.3
Throwing       | 1 |  1.1
Spellcasting   | |  3.0
Conjurations   | |  1.8
Summonings     | |  1.0
Translocations | |  1.0

Action                   || total
-------------------------++-------
Melee: Dagger            ||   112
       Unarmed           ||    17
       Tailslap          ||     8
Throw: Dart              ||    11
 Cast: Magic Dart        ||    44
  Use: Scroll            ||     1
       Potion            ||     1
 Stab: Sleeping          ||     1
  Eat: Chunk             ||     2
Armor: Skin              ||    38
Dodge: Dodged            ||   104
